MLB
TORONTO BLUE JAYS @ KANSAS CITY ROYALS
09/14/2045
 
TOP OF THE 1ST
Toronto Blue Jays batting - Pitching for Kansas City Royals : RHP Brandon Ferrari
Pitching: RHP Brandon Ferrari
Batting: SHB Matt Altieri 0-0: Swinging Strike
0-1: Ball
1-1: SINGLE (Groundball, 34D, EV 108.8 MPH) (infield hit)
Batting: SHB Zory Larikov 0-0: Called Strike
0-1: Ball
1-1: Ball
2-1: Fly out, F9 (Flyball, 9D, EV 80.0 MPH)
Batting: LHB Bob Branham 0-0: Ball
Wild Pitch!
Matt Altieri to second
1-0: Ball
2-0: Ball
3-0: Base on Balls
Batting: LHB Michael Byrd 0-0: Ball
1-0: Ball
2-0: Swinging Strike
2-1: Foul Ball, location: 2F
2-2: Strikes out swinging
Batting: SHB Mark Rennie 0-0: Ball
1-0: Fly out, F8 (Line Drive, 8RD, EV 90.0 MPH)
Top of the 1st over - 0 runs, 1 hit, 0 errors, 2 left on base; Toronto 0 - Kansas City 0
BOTTOM OF THE 1ST
Kansas City Royals batting - Pitching for Toronto Blue Jays : RHP Tony Rios
Pitching: RHP Tony Rios
Batting: RHB Mike Jaquez 0-0: Swinging Strike
0-1: Ball
1-1: Foul Ball, location: 2F
1-2: Foul Ball, location: 2F
1-2: Foul Ball, location: 2F
1-2: Foul Ball, location: 2F
1-2: Ball
2-2: Ground out 5-3 (Groundball, 5L, EV 100.6 MPH)
Batting: RHB Imbart Faber 0-0: Ball
1-0: SINGLE (Groundball, 4MS, EV 75.6 MPH) (infield hit)
Batting: LHB Manny Estrada 0-0: Ball
1-0: Called Strike
1-1: Foul Ball, location: 2F
1-2: Grounds out, U3 (Groundball, 3L, EV 88.8 MPH)
Batting: LHB Bill Baconneck 0-0: Ball
1-0: Called Strike
1-1: Ball
2-1: Ball
3-1: SINGLE (Line Drive, 4D, EV 93.8 MPH)
Imbart Faber to third
Runner from 3rd tries for Home, throw by RF and OUT! 9-2
Bottom of the 1st over - 0 runs, 2 hits, 0 errors, 1 left on base; Toronto 0 - Kansas City 0
TOP OF THE 2ND
Toronto Blue Jays batting - Pitching for Kansas City Royals : RHP Brandon Ferrari
Batting: RHB Ruben Velasco 0-0: Foul Ball, location: 2F
0-1: Ground out 5-3 (Groundball, 56S, EV 70.6 MPH)
Batting: LHB Jon Schick 0-0: Called Strike
0-1: Swinging Strike
0-2: SINGLE (Groundball, 6D, EV 96.9 MPH)
Batting: RHB Tommy Mize 0-0: Ball
1-0: Ball
2-0: DOUBLE (Line Drive, 78D, EV 105.6 MPH)
Jon Schick to third
Runner from 3rd tries for Home, SAFE, throw by LF to home
Batting: SHB Dylan Novakowski 0-0: Ball
1-0: Ball
2-0: Ball
3-0: Called Strike
3-1: Base on Balls
Batting: SHB Matt Altieri 0-0: Ball
1-0: Foul Ball, location: 2F
1-1: Grounds into double play, 4-6-3 (Groundball, 34, EV 107.5 MPH)
Top of the 2nd over - 1 run, 2 hits, 0 errors, 1 left on base; Toronto 1 - Kansas City 0
BOTTOM OF THE 2ND
Kansas City Royals batting - Pitching for Toronto Blue Jays : RHP Tony Rios
Batting: SHB Gil Switzer 0-0: Foul Ball, location: 2F
0-1: Foul Ball, location: 2F
0-2: Strikes out swinging
Batting: LHB Zion Davidson 0-0: Ball
1-0: Swinging Strike
1-1: Ball
2-1: Foul Ball, location: 2F
2-2: SINGLE (Groundball, 34D, EV 98.8 MPH)
Batting: LHB Sam Britt 0-0: 2-RUN HOME RUN (Flyball, 9LD, EV 93.8 MPH), Distance : 352 ft
Batting: RHB Aaron Matthews 0-0: Called Strike
0-1: Ball
1-1: Ground out 6-3 (Groundball, 6M, EV 115.0 MPH)
Batting: RHB Mikolas Markus 0-0: Called Strike
0-1: Ball
1-1: SINGLE (Groundball, 56D, EV 108.8 MPH)
Batting: RHB Mike Jaquez 0-0: Called Strike
0-1: Called Strike
0-2: Ball
1-2: Ball
2-2: Strikes out looking
Bottom of the 2nd over - 2 runs, 3 hits, 0 errors, 1 left on base; Toronto 1 - Kansas City 2
TOP OF THE 3RD
Toronto Blue Jays batting - Pitching for Kansas City Royals : RHP Brandon Ferrari
Batting: SHB Zory Larikov 0-0: Foul Ball, location: 2F
0-1: Called Strike
0-2: Ball
1-2: Foul Ball, location: 2F
1-2: Strikes out looking
Batting: LHB Bob Branham 0-0: Ball
1-0: Ground out 4-3 (Groundball, 34D, EV 86.9 MPH)
Batting: LHB Michael Byrd 0-0: Called Strike
0-1: Foul Ball, location: 2F
0-2: DOUBLE (Flyball, 8LXD, EV 101.9 MPH)
Batting: SHB Mark Rennie 0-0: Called Strike
0-1: Ball
1-1: Foul Ball, location: 2F
1-2: Ground out U3 (Groundball, 34S, EV 85.6 MPH)
Top of the 3rd over - 0 runs, 1 hit, 0 errors, 1 left on base; Toronto 1 - Kansas City 2
BOTTOM OF THE 3RD
Kansas City Royals batting - Pitching for Toronto Blue Jays : RHP Tony Rios
Batting: RHB Imbart Faber 0-0: Ground out 4-3 (Groundball, 4, EV 97.5 MPH)
Batting: LHB Manny Estrada 0-0: Ball
1-0: Ball
2-0: SINGLE (Line Drive, 34D, EV 100.6 MPH)
Batting: LHB Bill Baconneck 0-0: Ball
1-0: Called Strike
1-1: Foul Ball, location: 2F
1-2: Hit by Pitch
Manny Estrada to second
Batting: SHB Gil Switzer 0-0: Called Strike
0-1: Swinging Strike
0-2: Foul Ball, location: 2F
0-2: Ball
1-2: Foul Ball, location: 2F
1-2: Fly out, F9 (Flyball, 9D, EV 87.5 MPH)
Runner from 2nd tags up, SAFE at 3rd with throw by RF
Batting: LHB Zion Davidson 0-0: Ball
1-0: Ball
2-0: Ball
3-0: Called Strike
3-1: Swinging Strike
3-2: Ground out 5-3 (Groundball, 56, EV 87.5 MPH)
Bottom of the 3rd over - 0 runs, 1 hit, 0 errors, 2 left on base; Toronto 1 - Kansas City 2
TOP OF THE 4TH
Toronto Blue Jays batting - Pitching for Kansas City Royals : RHP Brandon Ferrari
Batting: RHB Ruben Velasco 0-0: Ball
1-0: Ball
2-0: Called Strike
2-1: Ball
3-1: Base on Balls
Batting: LHB Jon Schick 0-0: Ball
1-0: Ball
Ruben Velasco is caught stealing 2nd base 2-6
2-0: Foul Ball, location: 2F
2-1: Reached via error on a dropped throw from SS, E3 (Groundball, 6, EV 106.2 MPH)
Batting: RHB Tommy Mize 0-0: Ball
1-0: Called Strike
Jon Schick steals 2nd base
1-1: Called Strike
1-2: SINGLE (Groundball, 4MD, EV 103.8 MPH)
Jon Schick to third
Batting: SHB Dylan Novakowski 0-0: Ball
1-0: Called Strike
1-1: Called Strike
1-2: Strikes out looking
Batting: SHB Matt Altieri 0-0: Ball
1-0: Hit by Pitch
Tommy Mize to second
Batting: SHB Zory Larikov 0-0: GRAND SLAM HOME RUN (Flyball, 9D, EV 95.0 MPH), Distance : 367 ft
Pitching: LHP John Brooks
Pinch Hitting: RHB Mike Cochran 0-0: Ball
1-0: Ball
2-0: Called Strike
2-1: Swinging Strike
2-2: Ball
3-2: Base on Balls
Batting: LHB Michael Byrd 0-0: Called Strike
0-1: Fly out, F7 (Flyball, 7S, EV 86.9 MPH)
Top of the 4th over - 4 runs, 2 hits, 1 error, 1 left on base; Toronto 5 - Kansas City 2
BOTTOM OF THE 4TH
Kansas City Royals batting - Pitching for Toronto Blue Jays : RHP Tony Rios
Now at 1B: Mike Cochran
Batting: LHB Sam Britt 0-0: Called Strike
0-1: TRIPLE (Flyball, 89XD, EV 106.2 MPH)
Batting: RHB Aaron Matthews 0-0: Foul Ball, location: 2F
0-1: Foul Ball, location: 2F
0-2: Ball
1-2: SINGLE (Line Drive, 8RS, EV 106.2 MPH)
Sam Britt scores
Batting: RHB Mikolas Markus 0-0: Ball
1-0: Swinging Strike
1-1: Ball
2-1: Swinging Strike
2-2: Ball
3-2: Strikes out swinging
Aaron Matthews steals 2nd base
Batter strikes out.
Batting: RHB Mike Jaquez 0-0: Called Strike
0-1: SINGLE (Groundball, 6S, EV 71.9 MPH) (infield hit)
Aaron Matthews to third
Batting: RHB Imbart Faber 0-0: Ball
1-0: Ball
2-0: Fly out, F9 (Line Drive, 9D, EV 104.4 MPH)
Runner from 3rd tags up, OUT at HOME! 9-2
Bottom of the 4th over - 1 run, 3 hits, 0 errors, 1 left on base; Toronto 5 - Kansas City 3
TOP OF THE 5TH
Toronto Blue Jays batting - Pitching for Kansas City Royals : LHP John Brooks
Batting: SHB Mark Rennie 0-0: Called Strike
0-1: Foul Ball, location: 2F
0-2: SINGLE (Groundball, 56D, EV 96.9 MPH)
Batting: RHB Ruben Velasco 0-0: Ball
1-0: Called Strike
1-1: Called Strike
1-2: Strikes out swinging
Batting: LHB Jon Schick 0-0: Ball
1-0: Called Strike
Mark Rennie steals 2nd base
1-1: SINGLE (Groundball, 4MS, EV 66.9 MPH) (infield hit)
Mark Rennie to third
Batting: RHB Tommy Mize 0-0: Ball
1-0: Called Strike
1-1: Ball
2-1: Swinging Strike
2-2: Foul Ball, location: 2F
2-2: Foul Ball, location: 2F
2-2: Fly out, F8 (Flyball, 8RS, EV 84.4 MPH)
Batting: SHB Dylan Novakowski 0-0: Ball
1-0: Fly out, F7 (Flyball, 78M, EV 94.4 MPH)
Top of the 5th over - 0 runs, 2 hits, 0 errors, 2 left on base; Toronto 5 - Kansas City 3
BOTTOM OF THE 5TH
Kansas City Royals batting - Pitching for Toronto Blue Jays : RHP Tony Rios
Batting: LHB Manny Estrada 0-0: Called Strike
0-1: Ball
1-1: Foul Ball, location: 2F
1-2: Ball
2-2: Strikes out swinging
Batting: LHB Bill Baconneck 0-0: Ball
1-0: Ball
2-0: Foul Ball, location: 2F
2-1: SINGLE (Line Drive, 4D, EV 96.9 MPH)
Batting: SHB Gil Switzer 0-0: Ball
1-0: Grounds into double play, 4-6-3 (Groundball, 4, EV 83.1 MPH)
Bottom of the 5th over - 0 runs, 1 hit, 0 errors, 0 left on base; Toronto 5 - Kansas City 3
TOP OF THE 6TH
Toronto Blue Jays batting - Pitching for Kansas City Royals : LHP John Brooks
Batting: SHB Matt Altieri 0-0: Called Strike
0-1: Ball
1-1: Ball
2-1: Ball
3-1: Called Strike
3-2: Fly out, F8 (Flyball, 8LD, EV 99.4 MPH)
Batting: SHB Zory Larikov 0-0: Ball
1-0: Foul Ball, location: 2F
1-1: Called Strike
1-2: SINGLE (Line Drive, 89M, EV 96.9 MPH)
Batting: RHB Mike Cochran 0-0: SINGLE (Groundball, 4MD, EV 102.5 MPH)
Zory Larikov to second
Runner from 2nd tries for 3rd, SAFE, throw by CF made to third
Batting: LHB Michael Byrd 0-0: Foul Ball, location: 2F
0-1: Fly out, F7 (Flyball, 78M, EV 86.9 MPH)
Runner from 3rd tags up, SCORES, throw by LF
Pitching: RHP Dan Dill
Batting: SHB Mark Rennie 0-0: Called Strike
0-1: SINGLE (Line Drive, 7S, EV 98.1 MPH)
Mike Cochran to second
Batting: RHB Ruben Velasco 0-0: Called Strike
0-1: Ball
1-1: Ball
2-1: Ball
3-1: SINGLE (Line Drive, 9S, EV 93.8 MPH)
Mike Cochran to third
Mark Rennie to second
Batting: LHB Jon Schick 0-0: Ball
1-0: Ball
2-0: Ball
3-0: Base on Balls
Mike Cochran scores
Mark Rennie to third
Ruben Velasco to second
Batting: RHB Tommy Mize 0-0: Ground out 4-3 (Groundball, 4S, EV 86.9 MPH)
Top of the 6th over - 2 runs, 4 hits, 0 errors, 3 left on base; Toronto 7 - Kansas City 3
BOTTOM OF THE 6TH
Kansas City Royals batting - Pitching for Toronto Blue Jays : RHP Tony Rios
Batting: LHB Zion Davidson 0-0: Swinging Strike
0-1: Ball
1-1: Ground out 5-3 (Groundball, 56, EV 87.5 MPH)
Batting: LHB Sam Britt 0-0: Ball
1-0: Ball
2-0: Foul Ball, location: 2F
2-1: Foul Ball, location: 2F
2-2: Foul Ball, location: 2F
2-2: Ball
3-2: Fly out, F6 (Popup, 6MS, EV 60.0 MPH)
Batting: RHB Aaron Matthews 0-0: Foul Ball, location: 2F
0-1: Swinging Strike
0-2: Strikes out looking
Bottom of the 6th over - 0 runs, 0 hits, 0 errors, 0 left on base; Toronto 7 - Kansas City 3
TOP OF THE 7TH
Toronto Blue Jays batting - Pitching for Kansas City Royals : RHP Dan Dill
Batting: SHB Dylan Novakowski 0-0: Ball
1-0: Called Strike
1-1: Called Strike
1-2: Ball
2-2: Foul Ball, location: 2F
2-2: Fly out, F7 (Flyball, 7S, EV 80.6 MPH)
Batting: SHB Matt Altieri 0-0: Ball
1-0: Foul Ball, location: 2F
1-1: Foul Ball, location: 2F
1-2: Foul Ball, location: 2F
1-2: Ball
2-2: Ball
3-2: Foul Ball, location: 2F
3-2: SINGLE (Line Drive, 9S, EV 94.4 MPH)
Batting: SHB Zory Larikov 0-0: Ball
1-0: Called Strike
1-1: Ball
Matt Altieri steals 2nd base (no throw)
2-1: Ball
3-1: Swinging Strike
3-2: Foul Ball, location: 2F
3-2: DOUBLE (Line Drive, 9LM, EV 91.2 MPH)
Matt Altieri scores
Batting: RHB Mike Cochran 0-0: Called Strike
0-1: Called Strike
0-2: Foul Ball, location: 2F
0-2: Ground out 6-3 (Groundball, 6M, EV 86.2 MPH)
Zory Larikov to third
Batting: LHB Michael Byrd 0-0: Ball
1-0: Ball
2-0: DOUBLE (Groundball, 5L, EV 100.6 MPH)
Zory Larikov scores
Batting: SHB Mark Rennie 0-0: Called Strike
0-1: Ball
1-1: Swinging Strike
1-2: SINGLE (Line Drive, 6D, EV 99.4 MPH)
Michael Byrd to third
Runner from 3rd tries for Home, SAFE, throw by CF to home
Batting: RHB Ruben Velasco 0-0: Called Strike
0-1: Swinging Strike
0-2: Ball
1-2: Ball
Mark Rennie steals 2nd base
2-2: Foul Ball, location: 2F
2-2: Foul Ball, location: 2F
2-2: Foul Ball, location: 2F
2-2: Ball
3-2: Base on Balls
Pitching: LHP Chris Eaker
Batting: LHB Jon Schick 0-0: Ball
1-0: Called Strike
1-1: Foul Ball, location: 2F
1-2: Strikes out looking
Top of the 7th over - 3 runs, 4 hits, 0 errors, 2 left on base; Toronto 10 - Kansas City 3
BOTTOM OF THE 7TH
Kansas City Royals batting - Pitching for Toronto Blue Jays : RHP Tony Rios
Batting: RHB Mikolas Markus 0-0: Fly out, F9 (Flyball, 9D, EV 95.0 MPH)
Batting: RHB Mike Jaquez 0-0: Ball
1-0: Foul Ball, location: 2F
1-1: Called Strike
1-2: Strikes out swinging
Batting: RHB Imbart Faber 0-0: Fly out, F3 (Line Drive, 3, EV 65.6 MPH)
Bottom of the 7th over - 0 runs, 0 hits, 0 errors, 0 left on base; Toronto 10 - Kansas City 3
TOP OF THE 8TH
Toronto Blue Jays batting - Pitching for Kansas City Royals : LHP Chris Eaker
Batting: RHB Tommy Mize 0-0: Called Strike
0-1: Ball
1-1: Ball
2-1: Ball
3-1: Base on Balls
Batting: SHB Dylan Novakowski 0-0: Ball
1-0: Called Strike
1-1: Ball
2-1: Ball
3-1: Base on Balls
Tommy Mize to second
Batting: SHB Matt Altieri 0-0: Ball
1-0: Foul Ball, location: 2F
1-1: Ball
2-1: SINGLE (Line Drive, 8RS, EV 90.0 MPH)
Tommy Mize to third
Dylan Novakowski to second
Batting: SHB Zory Larikov 0-0: Ball
1-0: Foul Ball, location: 2F
1-1: Called Strike
1-2: Strikes out swinging
Batting: RHB Mike Cochran 0-0: Called Strike
0-1: Ball
1-1: Fly out, F8 (Line Drive, 8RD, EV 106.2 MPH)
Runner from 3rd tags up, SCORES, throw by CF
Dylan Novakowski to third
Batting: LHB Michael Byrd 0-0: Ball
1-0: Ball
2-0: Fielders Choice at 2nd, 6-4 (Groundball, 4M, EV 96.2 MPH)
Top of the 8th over - 1 run, 1 hit, 0 errors, 2 left on base; Toronto 11 - Kansas City 3
BOTTOM OF THE 8TH
Kansas City Royals batting - Pitching for Toronto Blue Jays : RHP Tony Rios
Batting: LHB Manny Estrada 0-0: Ball
1-0: Ball
2-0: Foul Ball, location: 2F
2-1: Ball
3-1: Foul Ball, location: 2F
3-2: Foul Ball, location: 2F
3-2: Foul Ball, location: 2F
3-2: Fly out, F8 (Line Drive, 8RM, EV 106.2 MPH)
Pitching: LHP Julio Gonzalez
Pinch Hitting: SHB Tony Prado 0-0: Swinging Strike
0-1: Ball
1-1: Ball
2-1: Ball
3-1: Base on Balls
Batting: SHB Gil Switzer 0-0: Called Strike
0-1: Swinging Strike
0-2: Fly out, F7 (Flyball, 7D, EV 95.0 MPH)
Pinch Hitting: RHB Adam Martin 0-0: Ball
1-0: Ball
2-0: Ball
3-0: Called Strike
3-1: Foul Ball, location: 2F
3-2: Foul Ball, location: 2F
3-2: Ground out 6-3 (Groundball, 56, EV 103.1 MPH)
Bottom of the 8th over - 0 runs, 0 hits, 0 errors, 1 left on base; Toronto 11 - Kansas City 3
TOP OF THE 9TH
Toronto Blue Jays batting - Pitching for Kansas City Royals : LHP Chris Eaker
Now in LF: Justin Rupert
Now in CF: Tony Prado
Now in RF: Gil Switzer
Batting: SHB Mark Rennie 0-0: SINGLE (Groundball, 56D, EV 100.6 MPH)
Batting: RHB Ruben Velasco 0-0: Ball
1-0: Swinging Strike
1-1: Ball
2-1: 2-RUN HOME RUN (Flyball, 78XD, EV 108.1 MPH), Distance : 442 ft
Batting: LHB Jon Schick 0-0: Called Strike
0-1: Ball
1-1: Ball
2-1: DOUBLE (Flyball, 89D, EV 110.0 MPH)
Batting: RHB Tommy Mize 0-0: Fly out, F8 (Flyball, 89S, EV 96.2 MPH)
Batting: SHB Dylan Novakowski 0-0: Called Strike
0-1: Fly out, F8 (Flyball, 8LM, EV 76.9 MPH)
Batting: SHB Matt Altieri 0-0: Ball
1-0: Called Strike
1-1: Swinging Strike
1-2: Ball
2-2: Ground out 6-3 (Groundball, 6M, EV 104.4 MPH)
Top of the 9th over - 2 runs, 3 hits, 0 errors, 1 left on base; Toronto 13 - Kansas City 3
BOTTOM OF THE 9TH
Kansas City Royals batting - Pitching for Toronto Blue Jays : LHP Julio Gonzalez
Batting: LHB Sam Britt 0-0: Ball
1-0: Ball
2-0: Fly out, F9 (Flyball, 89S, EV 81.2 MPH)
Batting: RHB Aaron Matthews 0-0: Ball
1-0: Foul Ball, location: 2F
1-1: Foul Ball, location: 2F
1-2: Ball
2-2: Strikes out swinging
Batting: RHB Mikolas Markus 0-0: Foul Ball, location: 2F
0-1: Foul Ball, location: 2F
0-2: Foul Ball, location: 2F
0-2: Ball
1-2: Strikes out looking
Bottom of the 9th over - 0 runs, 0 hits, 0 errors, 0 left on base; Toronto 13 - Kansas City 3
Wednesday, June 22nd , 2022 - OOTP Baseball 23.4 Build 64